AoeStats
← FeelsBatman69

Black Forest

508688339Analyzed
2v2 RM · 9d ago on Sep 23, 2026· 63m 5s· 4 players
Game mode
Random Map
Map size
Medium (4 player)
Population
200
Speed
Normal
Resources
Standard
Victory
Conquest
Starting age
Dark Age
Ending age
Imperial Age
RankedLock teamsTeams togetherTeam positionsShared explorationLock speedFull tech treeHidden civsTurbo modeCheats
Victory
Defeat
🇺🇸 Danes · United States
525
+19
🇺🇸 Khmer · United States
470
+22
🇲🇽 Danes · Mexico
643
-22
🇫🇷 Varangians · France
556
-19
Sayuri
0:35 Loom
15:55 Feudal Age
16:58 Horse Collar
18:41 Double-Bit Axe
26:31 Castle Age
25:18 Wheelbarrow
24:29 Town Watch
24:52 Scale Mail Armor
24:57 Scale Barding Armor
24:54 Padded Archer Armor
24:44 Fletching
25:12 Forging
28:43 Bow Saw
28:27 Gold Mining
28:28 Stone Mining
28:42 Heavy Plow
30:54 Town Patrol
32:45 Chain Barding Armor
32:41 Chain Mail Armor
32:41 Leather Archer Armor
32:22 Bodkin Arrow
33:17 Iron Casting
33:34 Arson
33:49 Squires
33:10 Pikeman
33:10 Man-at-Arms
34:39 Vendel Legacy
35:38 Hand Cart
36:51 Stone Shaft Mining
36:59 Elite Skirmisher
37:00 Crossbowman
37:59 Fervor
37:50 Devotion
38:59 Atonement
39:48 Caravan
40:36 Coinage
40:33 Guard Tower
40:54 Fortified Wall
40:40 Murder Holes
40:55 Clinker Construction
40:56 Careening
40:52 Siphons
44:39 Imperial Age
43:04 Husbandry
43:14 Bloodlines
42:25 Light Cavalry
42:30 Long Swordsman
42:55 Gambesons
45:18 Ballistics
44:49 Heated Shot
44:40 Treadmill Crane
45:11 Masonry
47:01 Chemistry
46:24 Carvel Hull
47:18 Cranequins
49:11 Architecture
48:46 Siege Engineers
49:02 Shipwright
50:52 Illumination
50:23 Herbal Medicine
51:03 Theocracy
51:13 Conscription
52:21 Elite Jarl
52:55 Two-Handed Swordsman
55:23 Plate Barding Armor
55:18 Plate Mail Armor
54:50 Bracer
58:01 Heavy Mounted Crossbowman
59:23 Halberdier
59:24 Elite Varangian Guard
61:36 Hussar
roberto0301tu
0:40 Loom
12:20 Feudal Age
12:51 Double-Bit Axe
12:49 Horse Collar
15:37 Town Watch
16:00 Gold Mining
16:00 Stone Mining
23:18 Castle Age
22:03 Wheelbarrow
21:44 Fishing Lines
24:06 Heavy Plow
24:24 Bow Saw
26:26 Hand Cart
27:10 Gold Shaft Mining
27:10 Stone Shaft Mining
29:14 Gillnets
36:57 Imperial Age
35:34 Town Patrol
36:14 Caravan
36:45 Coinage
38:38 Banking
39:33 Masonry
40:26 Chemistry
39:53 Ballistics
40:51 Murder Holes
40:52 Guard Tower
41:37 Fervor
43:13 Medium Warships
42:24 Elite Longship
43:03 Onager
43:03 Heavy Scorpion
43:04 Capped Ram
44:09 Conscription
43:11 Northmen's Fury
43:30 Hamask
43:36 Northmen's Fury
44:59 Hoardings
44:59 Heavy Warships
48:04 Elite Jomsviking
48:24 Siege Onager
48:25 Siege Ram
49:48 Man-at-Arms
49:49 Elite Varangian Guard
49:50 Pikeman
50:15 Gambesons
50:16 Arson
50:32 Squires
51:06 Devotion
51:16 Siege Engineers
50:57 Arrowslits
51:48 Keep
53:01 Light Cavalry
53:51 Bloodlines
53:42 Husbandry
53:50 Thumb Ring
53:06 Cranequins
53:08 Elite Skirmisher
54:08 Long Swordsman
54:08 Halberdier
55:30 Scale Mail Armor
59:05 Two-Handed Swordsman
62:38 Forging
62:44 Chain Mail Armor
62:34 Scale Barding Armor
EL Loodo
15:20 Feudal Age
21:08 Castle Age
19:04 Double-Bit Axe
20:50 Scale Mail Armor
22:53 Gold Mining
25:05 Bow Saw
24:48 Man-at-Arms
25:15 Gambesons
25:53 Chain Mail Armor
27:05 Wheelbarrow
26:02 Long Swordsman
31:31 Hand Cart
31:02 Loom
34:24 Imperial Age
33:41 Forging
33:39 Squires
33:27 Arson
36:28 Block Printing
35:50 Capped Ram
38:33 Iron Casting
38:00 Elite Varangian Guard
38:05 Hamask
39:05 Two-Handed Swordsman
42:43 Plate Mail Armor
43:13 Blast Furnace
41:39 Elite Jomsviking
42:23 Champion
45:17 Northmen's Fury
45:27 Siege Ram
62:40 Hoardings
FeelsBatman69
18:53 Feudal Age
20:23 Wheelbarrow
23:46 Castle Age
25:56 Hand Cart
29:27 Imperial Age
29:17 Loom
29:47 Scale Barding Armor
29:52 Forging
30:45 Caravan
32:39 Chain Barding Armor
32:55 Iron Casting
33:38 Conscription
34:05 Plate Barding Armor
37:11 Blast Furnace
36:37 Padded Archer Armor
36:03 Elite Ballista Elephant
36:44 Tusk Swords
38:10 Double Crossbow
40:23 Hoardings
40:42 Leather Archer Armor
40:49 Husbandry
41:13 Bloodlines
43:59 Elite Battle Elephant
46:44 Town Watch
50:01 Siege Engineers
49:58 Murder Holes
50:55 Ballistics
56:11 Chemistry
Connection lost

Rejoining the realm…

Still unreachable

The connection could not be restored.

Session expired

The server has moved on; the page needs a fresh start.